 Dungeon Crawl Stone Soup version 0.24-a0-217-g1152973720 (webtiles) character file.

Game seed: 965484041619247818

1010 Esekla the Slasher (level 8, -2/56 HPs)
             Began as a Vampire Skald on Mar 30, 2019.
             Was a Follower of Ashenzari.
             Shot with an arrow by a centaur (9 damage)
             ... on level 6 of the Dungeon.
             The game lasted 00:47:57 (5946 turns).

Esekla the Slasher (Vampire Skald)                  Turns: 5946, Time: 00:47:57

Health: -2/56      AC:  4    Str: 10    XL:     8   Next: 1%
Magic:  4/12       EV: 14    Int: 16    God:    Ashenzari [*.....]
Gold:   257        SH:  0    Dex: 15    Spells: 0/13 levels left

rFire    . . .     SeeInvis +   n - +3 long sword (curse)
rCold    . . .     Gourm    .   (no shield)
rNeg     + . .     Faith    .   b - +0 leather armour
rPois    .         Spirit   .   (no helmet)
rElec    .         Reflect  .   y - +0 cloak
rCorr    .         Harm     .   (no gloves)
MR       .....                  (no boots)
Stlth    +.........             (no amulet)
HPRegen  0.18/turn              (no ring)
MPRegen  0.13/turn              (no ring)

@: no status effects
A: fangs 3, see invisible, unbreathing
a: Bat Form, Curse Item, Scrying, Renounce Religion


You were on level 6 of the Dungeon.
You worshipped Ashenzari.
Ashenzari was aware of your devotion.
You were not thirsty.

You visited 1 branch of the dungeon, and saw 6 of its levels.
You also visited: Ossuary.

You collected 257 gold pieces.

Inventory:

Hand Weapons
 j - a +0 vampiric rapier
 n - a cursed +3 long sword (weapon)
Missiles
 w - 4 tomahawks (quivered)
Armour
 b - a +0 leather armour (worn)
 y - a +0 cloak (worn)
 z - the +3 chain mail of Fortitude {rPois rC+ rCorr Dex+3}
   (You found it on level 4 of the Dungeon)

   It affects your dexterity (+3).
   It protects you from cold.
   It protects you from poison.
   It provides partial protection from all sources of acid and corrosion.
Scrolls
 c - a scroll of amnesia
 g - 3 scrolls of remove curse
 h - 2 scrolls of teleportation
 p - 2 scrolls of noise {unknown}
 s - a scroll of fear {unknown}
 t - a scroll of fog {unknown}
 u - a scroll of identify
 v - a scroll of magic mapping
 x - 3 scrolls of immolation {unknown}
Potions
 a - a potion of degeneration {unknown}
 d - 5 potions of blood
 e - 3 potions of lignification
 f - a potion of flight
 i - 2 potions of mutation {unknown}
 k - 3 potions of heal wounds
 l - 2 potions of brilliance {unknown}
 m - 2 potions of curing {unknown}
 o - a potion of ambrosia {unknown}
 q - 3 potions of resistance
 r - a potion of invisibility {unknown}


   Skills:
 - Level 2.2 Fighting
 + Level 0.2(4.6) Short Blades
 * Level 6.9 Long Blades
 + Level 2.3 Armour
 + Level 4.4 Dodging
 + Level 3.0 Spellcasting
 + Level 3.2 Hexes
 + Level 4.0 Charms
 * Level 0.1 Translocations


You couldn't memorise any spells.
You knew the following spells:

 Your Spells              Type           Power        Failure   Level  Hunger
a - Infusion              Chrm           ###.         4%          1    #......
b - Blink                 Tloc           N/A          34%         2    ##.....
c - Song of Slaying       Chrm           ###.....     7%          2    ##.....
d - Spectral Weapon       Hex/Chrm       ##......     17%         3    ###....
e - Mephitic Cloud        Conj/Pois/Air  #.......     58%         3    ###....
f - Shroud of Golubria    Chrm/Tloc      #.........   16%         2    ##.....

Your spell library contained the following spells:

 Spells                   Type           Power        Failure   Level  Hunger
 Slow                     Hex            ##......     10%         2    ##.....
 Magic Dart               Conj           #...         24%         1    #......
 Regeneration             Chrm/Necr      #.........   32%         3    ###....
 Call Imp                 Summ           #.......     36%         2    ##.....
 Conjure Flame            Conj/Fire      #.......     58%         3    ###....


Dungeon Overview and Level Annotations

Branches:
Dungeon (6/15)
 Temple: D:4-7

Altars:
Ashenzari
Sif Muna
Trog
Yredelemnul


Innate Abilities, Weirdness & Mutations

You have razor-sharp teeth.
You have supernaturally acute eyesight. (SInv)
You can survive without breathing.


Message History

The hound zombie barely misses you.
The orc warrior hits you with a +0 glaive!
* * * LOW HITPOINT WARNING * * *
The hound zombie bites you but does no damage.
Casting: Spectral Weapon (safe; 17% risk of failure)
Confirm with . or Enter, or press ? or * to list all spells.
You blink.
There is a stone staircase leading down here.
The hound zombie bites your spectral weapon but does no damage.
You climb downwards.
Your summoned ally is left behind.
Your spectral weapon fades away.
There is a stone staircase leading up here.
Yummy - fresh blood!
You start resting.
Your magical contamination has completely faded away.
A centaur comes into view.
The centaur shouts!
The centaur wields a +0 shortbow.
The centaur shoots an arrow.
The arrow hits you!
You die...

##########
#.....[...
#######@## ....
.c.......##.....
.###............
#.###<####.# #.
#.# # #.# ..#
###


You could see a centaur.

Vanquished Creatures
  Sigmund (D:4)
  A black bear (D:4)
  An elf zombie (Ossuary)
  2 howler monkeys (D:4)
  A crimson imp (D:5)
  A jelly (D:5)
  2 human zombies (Ossuary)
  2 hounds (D:4)
  An orc wizard (D:4)
  A bullfrog skeleton (D:4)
  An iguana (D:4)
  3 worker ants (D:4)
  5 mummies
  9 adders
  5 gnolls
  An adder zombie (Ossuary)
  5 worms
  A dart slug (D:2)
  2 leopard geckos
  11 orcs
  7 bats
  5 giant cockroaches
  7 goblins
  4 hobgoblins (D:2)
  3 jackals (D:3)
  5 kobolds
  A ball python (D:2)
  4 frilled lizards
  3 goblin zombies (Ossuary)
  A jackal skeleton (D:5)
  4 kobold zombies (Ossuary)
  6 rats
  A rat zombie (Ossuary)
107 creatures vanquished.

Vanquished Creatures (others)
  4 spectral weapons
4 creatures vanquished.

Grand Total: 111 creatures vanquished

Notes
Turn   | Place    | Note
-------+----------+-------------------------------------------
     0 | D:1      | Esekla the Vampire Skald began the quest for the Orb.
     0 | D:1      | Reached XP level 1. HP: 16/16 MP: 3/3
   412 | D:1      | Reached skill level 1 in Armour
   412 | D:1      | Reached XP level 2. HP: 5/22 MP: 0/5
  1011 | D:2      | Learned a level 2 spell: Shroud of Golubria
  1014 | D:2      | Learned a level 2 spell: Song of Slaying
  1060 | D:2      | Reached XP level 3. HP: 18/27 MP: 6/6
  1412 | D:3      | Found a shattered altar of Ashenzari.
  1417 | D:3      | Became a worshipper of Ashenzari the Shackled
  1493 | D:3      | Reached skill level 3 in Long Blades
  1598 | D:3      | Reached XP level 4. HP: 17/33 MP: 1/7
  2764 | D:2      | Reached XP level 5. HP: 29/38 MP: 5/8
  2769 | D:2      | Learned a level 3 spell: Spectral Weapon
  2964 | D:2      | Reached skill level 4 in Long Blades
  3442 | D:4      | Reached skill level 1 in Hexes
  3462 | D:4      | Reached XP level 6. HP: 23/44 MP: 9/9
  3489 | D:4      | Reached * piety under Ashenzari
  3491 | D:4      | Noticed Sigmund
  3667 | D:4      | Reached skill level 5 in Long Blades
  3879 | D:5      | Entered Level 5 of the Dungeon
  3879 | D:5      | Noticed an orc warrior
  3880 | D:5      | Noticed a moth of wrath
  4035 | D:5      | Found a sand-covered staircase.
  4277 | Ossuary  | Entered an ossuary
  4668 | Ossuary  | Reached XP level 7. HP: 34/50 MP: 6/10
  5067 | D:4      | Found a deep blue altar of Sif Muna.
  5174 | D:4      | Killed Sigmund
  5174 | D:4      | Reached skill level 6 in Long Blades
  5399 | D:4      | Found a basalt altar of Yredelemnul.
  5584 | D:4      | Got the uncursed chain mail of Fortitude {rPois rC+ rCorr
                  | Dex+3}
  5736 | D:4      | Identified the +3 chain mail of Fortitude {rPois rC+ rCorr
                  | Dex+3} (You found it on level 4 of the Dungeon)
  5767 | D:5      | Found a bloodstained altar of Trog.
  5863 | D:5      | Reached XP level 8. HP: 54/56 MP: 12/12
  5874 | D:5      | Learned a level 3 spell: Mephitic Cloud
  5877 | D:5      | Learned a level 2 spell: Blink
  5946 | D:6      | Shot with an arrow by a centaur

Levels and vault maps discovered:
D:1:      eino_arrival_water_star, layout_loops_ring
D:2:      layout_basic, first_ration, minmay_quantized
D:3:      layout_loops_corners, hangedman_decor_slide_cut, ashenzari_altar_1
D:4:      black_bear_nest_1, layout_basic, yredelemnul_altar_generic,
          nicolae_overflow_hidden_temple, uniq_sigmund
D:5:      layout_loops_ring, tgw_trog, gup_ossuary_entry_pyramid
D:6:      layout_loops_corners, overflow_temple_1_default,
          minmay_temple_entry_mist, lemuel_angel_altar, uniq_duvessa
Ossuary:  ossuary_minmay_tomb_2a

Skill      XL: |  1  2  3  4  5  6  7 |
---------------+----------------------+-----
Fighting       | 2 |  2.2
Armour         | 1 2 |  2.3
Dodging        | 3 4 |  4.4
Long Blades    | 3 4 5 6 |  6.9
Hexes          | 1 3 |  3.2
Charms         | 4 |  4.0
Spellcasting   | 3 |  3.0
Short Blades   | |  0.2
Translocations | |  0.1

Action                   |  1- 3 |  4- 6 |  7- 9 || total
-------------------------+-------+-------+-------++-------
Melee: Falchion          |   107 |    24 |       ||   131
       Bite              |    11 |    11 |     9 ||    31
       Dagger            |     2 |     3 |       ||     5
       Long sword        |       |   116 |    98 ||   214
Throw: Tomahawk          |       |       |     3 ||     3
 Cast: Infusion          |     5 |     6 |     2 ||    13
       Shroud of Golubri |     4 |     2 |     2 ||     8
       Song of Slaying   |       |     4 |     2 ||     6
       Spectral Weapon   |       |     7 |     5 ||    12
       Blink             |       |       |     1 ||     1
Invok: Curse Item        |       |     1 |       ||     1
 Abil: End Transformatio |       |     3 |       ||     3
       Bat Form          |       |     3 |       ||     3
  Use: Scroll            |     2 |     5 |     2 ||     9
       Potion            |     2 |    10 |     4 ||    16
 Stab: Sleeping          |       |     6 |       ||     6
       Distracted        |       |     1 |       ||     1
Armor: Leather armour    |    31 |    14 |    16 ||    61
Dodge: Dodged            |    68 |    87 |    67 ||   222
       Rpst.: Falchion   |    20 |     1 |       ||    21
       Long sword        |       |    16 |    21 ||    37

Table legend:
 A = Non-vault XP
 B = Vault XP
 C = Vault XP percentage of total XP
 D = Non-vault monster count
 E = Vault monster count
 F = Vault count percentage of total count
                 A         B        C        D         E       F
            +---------+---------+-------+---------+---------+-------
      Total |     775 |     668 |  46.3 |      78 |      29 |  27.1
            +---------+---------+-------+---------+---------+-------
        D:1 |      37 |       0 |   0.0 |      14 |       0 |   0.0
        D:2 |     121 |      31 |  20.4 |      22 |       5 |  18.5
        D:3 |      71 |       0 |   0.0 |      15 |       0 |   0.0
        D:4 |     447 |     340 |  43.2 |      21 |       2 |   8.7
        D:5 |      99 |      35 |  26.1 |       6 |       6 |  50.0
    Ossuary |       0 |     262 | 100.0 |       0 |      16 | 100.0
            +---------+---------+-------+---------+---------+-------
